 Dungeon Crawl Stone Soup version 0.25-a0-420-g1cc7eeb (webtiles) character file.

Game seed: 11329403781812839957, levelgen mode: deterministic

514185 kz99zk the Demonic Cataclysm (level 24, -3/199 HPs)
             Began as a Demonspawn Fighter on Jan 18, 2020.
             Was a High Priest of Qazlal.
             Splashed by a caustic shrike's acid (10 damage)
             ... on level 4 of the Depths.
             The game lasted 02:08:07 (45231 turns).

kz99zk the Demonic Cataclysm (Demonspawn Fighter)  Turns: 45231, Time: 02:08:07

Health: -3/199     AC: 17    Str: 29    XL:     24   Next: 43%
Magic:  0/46       EV: 27    Int:  9    God:    Qazlal [*****.]
Gold:   2872       SH:  7    Dex: 26    Spells: 23/23 levels left

rFire    + . .     SeeInvis +   d - +9 battleaxe (elec)
rCold    + . .     Gourm    .   (shield currently unavailable)
rNeg     + + .     Faith    .   M - +2 chain mail of the Sparrow {rN+ Dex+6}
rPois    .         Spirit   +   (helmet unavailable)
rElec    +         Reflect  .   z - +2 cloak
rCorr    .         Harm     .   R - +1 pair of gloves {Str+3}
MR       +....     NoTele   +   (no boots)
Stlth    ..........             q - amulet of guardian spirit
HPRegen  4.43/turn              E - ring of protection from fire
MPRegen  0.30/turn              t - ring of Xom's Favour {-Tele rElec rC+ rN+ MP+9 Dex+4}

@: protected from physical damage, corroded, studying Maces & Flails, repel
missiles
A: antennae 3, repulsion field 3, foul stench 2, powered by death 3,
augmentation 1, no potion heal 1, rot immunity
}: 2/15 runes: decaying, serpentine
a: Upheaval, Elemental Force, Disaster Area, Renounce Religion


You were on level 4 of the Depths.
You worshipped Qazlal.
Qazlal was extremely pleased with you.
You were not hungry.

You visited 8 branches of the dungeon, and saw 40 of its levels.
You also visited: Gauntlet.

You collected 6458 gold pieces.
You spent 3586 gold pieces at shops.

Inventory:

Hand Weapons
 d - a +9 battleaxe of electrocution (weapon)
 B - the +6 morningstar "Jellyslayer" {flame, rPois}
   (You found it on level 5 of the Lair of Beasts)

   It has been specially enchanted to burn those struck by it, causing extra
   injury to most foes and up to half again as much damage against particularly
   susceptible opponents.
   It protects you from poison.
 F - a +7 eveningstar of venom
 W - the +8 war axe "Unyzxevy" {vorpal, Str+6}
   (You found it on level 1 of the Snake Pit)

   It inflicts extra damage upon your enemies.
   It affects your strength (+6).
Armour
 a - a +0 large shield
 o - a +2 pair of boots of flying
 z - a +2 cloak (worn)
 I - +0 fire dragon scales
 M - the +2 chain mail of the Sparrow (worn) {rN+ Dex+6}
   (You found it on level 15 of the Dungeon)

   It affects your dexterity (+6).
   It protects you from negative energy.
 R - a +1 pair of gloves of strength (worn)
Jewellery
 h - an uncursed ring of protection from cold
 q - an amulet of guardian spirit (around neck)
 t - the ring of Xom's Favour (right hand) {-Tele rElec rC+ rN+ MP+9 Dex+4}
   (You found it in a Gauntlet)

   [ring of magical power]

   It affects your dexterity (+4).
   It protects you from cold.
   It insulates you from electricity.
   It protects you from negative energy.
   It affects your magic capacity (+9).
   It prevents most forms of teleportation.
 w - an uncursed ring of flight
 A - an uncursed ring of protection from magic
 E - a ring of protection from fire (left hand)
 N - the ring of Parrylis {+Blink +Fly rPois rC+ Slay+2}
   (You found it on level 3 of the Depths)

   [ring of flight]

   It affects your accuracy and damage with ranged weapons and melee attacks
   (+2).
   It protects you from cold.
   It protects you from poison.
   It lets you fly.
   It lets you blink.
 O - an uncursed amulet of regeneration
 U - a cursed -4 ring of slaying
Wands
 p - a wand of iceblast (10)
 C - a wand of acid (11)
 P - a wand of digging (14)
Scrolls
 c - 3 scrolls of fear
 e - 19 scrolls of remove curse
 g - 6 scrolls of identify
 i - 2 scrolls of blinking
 k - 13 scrolls of teleportation
 l - a scroll of enchant weapon
 y - 4 scrolls of magic mapping
 H - 4 scrolls of immolation
 T - 3 scrolls of fog
 X - 7 scrolls of enchant armour
Potions
 b - 3 potions of might
 j - 5 potions of haste
 m - 6 potions of magic
 n - 8 potions of brilliance
 s - 3 potions of resistance
 u - 8 potions of curing
 v - 8 potions of lignification
 x - 7 potions of degeneration
 D - 4 potions of agility
 G - 4 potions of berserk rage
 J - 3 potions of ambrosia
 L - 3 potions of cancellation
 Y - 4 potions of mutation
 Z - 2 potions of flight
Books
 r - a manual of Maces & Flails
Comestibles
 f - 52 rations


   Skills:
 * Level 18.3 Fighting
 * Level 17.1(19.0) Axes
 - Level 14.5(17.7) Maces & Flails
 + Level 15.4 Armour
 + Level 15.1 Dodging
 - Level 0.1 Stealth
 - Level 15.4 Shields
 + Level 20.3 Invocations


You had 23 spell levels left.
You didn't know any spells.
Your spell library contained the following spells:

 Spells                   Type           Power        Failure   Level  Hunger
 Animate Skeleton         Necr           N/A          80%         1    ##.....
 Apportation              Tloc           #.....       80%         1    ##.....
 Beastly Appendage        Tmut           #.....       80%         1    ##.....
 Corona                   Hex            #......      80%         1    ##.....
 Freeze                   Ice            #...         80%         1    ##.....
 Shock                    Conj/Air       #...         80%         1    ##.....
 Sting                    Tmut/Pois      #...         80%         1    ##.....
 Summon Butterflies       Summ           #.......     80%         1    ##.....
 Summon Small Mammal      Summ           #...         80%         1    ##.....
 Poisonous Vapours        Pois/Air       #.....       90%         2    ###....
 Sticks to Snakes         Tmut           #.......     90%         2    ###....
 Swiftness                Chrm/Air       #.......     90%         2    ###....
 Conjure Flame            Conj/Fire      #.......     99%         3    ####...
 Gell's Gravitas          Tloc           #.........   99%         3    ####...
 Ignite Poison            Fire/Tmut/Pois #.......     99%         3    ####...
 Lesser Beckoning         Tloc           #.........   99%         3    ####...
 Mephitic Cloud           Conj/Pois/Air  #.......     99%         3    ####...
 Ozocubu's Armour         Chrm/Ice       #.......     99%         3    ####...
 Portal Projectile        Hex/Tloc       #.....       99%         3    ####...
 Spider Form              Tmut/Pois      #.........   99%         3    ####...
 Static Discharge         Conj/Air       #.......     99%         3    ####...
 Tukima's Dance           Hex            #.......     99%         3    ####...
 Airstrike                Air            #.........   100%        4    #####..
 Hailstorm                Conj/Ice       #.......     100%        4    #####..
 Ice Form                 Ice/Tmut       #.......     100%        4    #####..
 Olgreb's Toxic Radiance  Pois           #.......     100%        4    #####..
 Summon Ice Beast         Ice/Summ       #.......     100%        4    #####..
 Alistair's Intoxication  Tmut/Pois      #.......     100%        5    ######.
 Blade Hands              Tmut           #.........   100%        5    ######.
 Bolt of Magma            Conj/Fire/Erth #.........   100%        5    ######.
 Irradiate                Conj/Tmut      #.........   100%        5    ######.
 Iskenderun's Battlesphe  Conj/Chrm      #.......     100%        5    ######.
 Lightning Bolt           Conj/Air       #.........   100%        5    ######.
 Metabolic Englaciation   Hex/Ice        #.........   100%        5    ######.
 Dispersal                Tloc           #.........   100%        6    #######
 Freezing Cloud           Conj/Ice/Air   #.........   100%        6    #######
 Hydra Form               Tmut           #.........   100%        6    #######
 Invisibility             Hex            #.......     100%        6    #######
 Iron Shot                Conj/Erth      #.........   100%        6    #######
 Ozocubu's Refrigeration  Ice            #.........   100%        6    #######
 Simulacrum               Ice/Necr       #.........   100%        6    #######
 Statue Form              Tmut/Erth      #........    100%        6    #######
 Dragon Form              Tmut           #.........   100%        7    #######
 Orb of Destruction       Conj           #.........   100%        7    #######
 Ring of Flames           Chrm/Fire      #.........   100%        7    #######
 Spellforged Servitor     Conj/Summ      #.........   100%        7    #######
 Controlled Blink         Tloc           N/A          100%        8    #######
 Disjunction              Tloc           #.........   100%        8    #######


Dungeon Overview and Level Annotations

Branches:
Dungeon (15/15)            Temple (1/1) D:4            Lair (6/6) D:8
  Swamp (4/4) Lair:3        Snake (4/4) Lair:3        Slime (0/5) Lair:6
    Orc (2/2) D:9             Elf (0/3) Orc:2        Vaults (4/5) D:14
  Crypt (0/3) Vaults:2     Depths (4/5) D:15        Gauntlet (visited)

Altars:
Ashenzari
Cheibriados
Dithmenos
Elyvilon
Fedhas
Gozag
Hepliaklqana
Kikubaaqudgha
Nemelex Xobeh
Okawaru
Qazlal
Ru
Sif Muna
Trog
Uskayaw
Vehumet
Wu Jian
Xom
Yredelemnul
Zin
The Shining One

Shops:
D:14 *   Orc:2 *[=}   Snake:4 :!(?   Vaults:1 }   Vaults:2 *   Vaults:3 *
Depths:1 }[:[(

Portals:
Hell: Depths:1 Depths:2 Depths:3
Abyss: Depths:3 Depths:4
Pandemonium: Depths:3

Annotations:
D:13 1 transporter
D:15 2 runed translucent doors
Lair:3 exclusion: oklob plant
Swamp:4 2 runed translucent doors, Lightli's ghost, adept GrIE
Snake:2 2 transporters, Rarch's ghost, adept DEWz
Snake:4 shops
Orc:2 3 runed translucent doors, LobsterGuardian's ghost, journeyman DrCj; rhoddlet's ghost, journeyman MiBe


Innate Abilities, Weirdness & Mutations

You have a pair of large antennae on your head. (SInv)
You are surrounded by a strong repulsion field. (EV +4, RMsl)
You frequently emit foul miasma when damaged in melee.
You regenerate a lot of health from kills.
Your magical and physical power is slightly enhanced at high health.
You are immune to rotting.
Potions are less effective at restoring your health.


Message History

* * * LOW HITPOINT WARNING * * *
The acid corrodes you!
You are splashed with acid.
* * * LOW HITPOINT WARNING * * *
The caustic shrike claws you but does no damage.
The caustic shrike looks sick.
The tentacled monstrosity completely misses you.
The tentacled monstrosity closely misses you.
The tentacled monstrosity tentacle-slaps you but does no damage.
The tentacled monstrosity completely misses you.
Okay, then.
You slice the caustic shrike!!
You kill the caustic shrike!
Qazlal accepts your kill.
You slash the caustic shrike! You completely miss the caustic shrike.
You slice the tentacled monstrosity!!
The caustic shrike completely misses you. x2
The caustic shrike claws you!!
* * * LOW HITPOINT WARNING * * *
You are splashed with acid!
You die...

.#(....)#...### #.........#
.(#(...#..#.).####..........
#..####..#.#.......†.>.....#
##........#............≈....
##..................)≈.≈.##
#.............######≈.[≈##
...#.........##.°..')####
..##........##.b§☼.###
...........##.Db@###
...........#...X##
...........#...#
...........#≈≈.
......<....#≈. {
...........#.. ...........#≈
{ ..........)#.
...........##


You could see a shadow dragon, a tentacled monstrosity and 2 caustic shrikes.

Vanquished Creatures
  Mara (Swamp:4)
  A juggernaut (Depths:1)
  Saint Roka (Snake:1)
  Vashnia (Snake:2)
  Xtahua (Vaults:4)
  3 caustic shrikes (Depths:4)
  A golden dragon (Depths:2)
  the Enchantress (Depths:2)
  2 tentacled monstrosities (Depths:4)
  Jorgrun (D:14)
  5 liches
  A quicksilver dragon (Depths:3)
  2 titans
  Asterion (Snake:2)
  Frances (Swamp:2)
  5 sphinxes
  2 storm dragons
  4 tengu reavers
  Kirke (Swamp:3)
  8 thorn hunters
  11 nagarajas
  9 frost giants
  Roxanne (Snake:1)
  2 orc warlords
  11 fire giants
  A deep elf sorcerer (Vaults:2)
  2 iron dragons (Depths:3)
  Louise (Swamp:2)
  Aizul (Lair:3)
  A balrug (Depths:3)
  16 ironheart preservers
  13 vault wardens
  A caustic shrike zombie (Depths:4)
  4 spriggan defenders
  22 stone giants
  7 very ugly things (Depths:2)
  An entropy weaver (Vaults:2)
  2 vampire knights
  3 deep elf annihilators
  3 deep elf demonologists
  8 spark wasps
  A minotaur (Gauntlet)
  Azrael (Lair:3)
  A merfolk javelineer (Depths:1)
  2 deep elf death magi (Vaults:1)
  8 ettins
  10 great orbs of eyes
  14 yaktaur captains
  14 naga warriors
  A deep elf high priest (Depths:3)
  11 ice dragons
  13 rakshasas
  5 vault guards
  18 hydras
  A caustic shrike simulacrum (Depths:2)
  14 fire dragons
  4 shambling mangroves
  7 spriggan air magi
  3 catoblepae (Lair:6)
  16 centaur warriors
  2 death knights
  Harold (D:9)
  22 anacondas
  An alligator (shapeshifter) (Depths:2)
  9 deep troll shamans
  8 tengu warriors
  20 ogre magi
  47 two-headed ogres
  12 alligators
  11 death yaks
  2 deep troll earth magi
  2 vampire magi
  Urug (D:12)
  18 naga sharpshooters
  3 orc high priests (Orc:2)
  Nergalle (D:11)
  4 spriggan berserkers
  2 deep elf knights
  9 salamander mystics
  A titan skeleton (Depths:2)
  2 fire crabs (Swamp:4)
  4 shock serpents
  34 hell knights
  2 golden dragon zombies (Depths:2)
  27 deep trolls
  A shadow wraith (Vaults:3)
  3 sea snakes (Snake:2)
  2 unseen horrors (Vaults:1)
  A flayed ghost (Depths:2)
  A torturous demonspawn (Depths:3)
  A tengu zombie (Vaults:1)
  3 iron trolls
  7 glowing orange brains
  3 wizards
  5 swamp dragons
  2 infernal demonspawn (Depths:3)
  10 deep elf magi
  4 naga ritualists
  An orange crystal statue (D:15)
  A harpy (shapeshifter) (Vaults:3)
  18 orc knights
  A phantasmal warrior (Vaults:2)
  3 deep elf archers
  A wolf spider zombie (D:15)
  18 ironbrand convokers
  4 harpies (Vaults:3)
  12 necromancers
  5 lindwurms
  A lindwurm (shapeshifter) (Vaults:1)
  44 ugly things
  A sphinx zombie (Vaults:4)
  2 wolf spiders
  8 mana vipers
  9 orc sorcerers
  An orb spider (shapeshifter) (Vaults:3)
  An iron dragon zombie (Depths:2)
  2 oklob plants (Swamp:3)
  7 manticores
  3 cyclopes
  A shining eye (shapeshifter) (Vaults:1)
  A centaur zombie (D:10)
  A salamander (shapeshifter) (D:13)
  15 salamanders
  20 elephants
  A moth of wrath (shapeshifter) (Vaults:1)
  Maurice (D:10)
  A stone giant skeleton (Vaults:1)
  A black mamba (shapeshifter) (Vaults:2)
  7 vault sentinels
  A molten gargoyle (Swamp:4)
  A rust devil (Depths:3)
  37 black mambas
  26 naga magi
  2 gargoyles
  8 guardian serpents
  2 centaur skeletons
  13 spiny frogs
  A yaktaur zombie (Vaults:1)
  4 komodo dragons
  A kobold demonologist (D:15)
  A rime drake (Lair:1)
  4 freezing wraiths
  71 yaktaurs
  2 minotaur zombies (Gauntlet)
  An efreet (D:15)
  8 tengu conjurers
  A komodo dragon (shapeshifter) (Vaults:3)
  2 polar bears (shapeshifter)
  2 polar bears (Lair:4)
  7 trolls
  18 hornets
  3 tyrant leeches
  3 meliai (Gauntlet)
  30 slime creatures
  8 bog bodies
  11 hippogriffs
  9 blink frogs
  2 hippogriffs (shapeshifter)
  An ettin zombie (Vaults:1)
  A frost giant simulacrum (Vaults:4)
  3 shadows
  2 fire giant simulacra
  A vampire (D:10)
  7 spriggans
  A ynoxinul (Depths:3)
  A centaur simulacrum (D:15)
  A spriggan (shapeshifter) (Depths:1)
  3 redbacks (Vaults:2)
  2 wyverns
  54 yaks
  4 hogs (Swamp:3)
  3 basilisks
  4 fire elementals
  A chaos spawn (Depths:3)
  4 steam dragons (Swamp:4)
  4 wraiths
  13 vampire mosquitoes
  5 hungry ghosts
  A yaktaur simulacrum (Vaults:2)
  17 swamp worms
  39 nagas
  2 soldier ants
  4 acid dragons
  21 insubstantial wisps
  6 wargs
  20 water moccasins
  5 porcupines
  2 hell hounds (Snake:1)
  8 swamp drakes
  A black bear (D:11)
  A human zombie (Vaults:1)
  5 ice beasts
  37 orc warriors
  8 sky beasts
  42 ogres
  2 phantoms
  22 wolves
  3 boggarts (Vaults:1)
  41 centaurs
  2 big kobolds
  8 crocodiles
  21 bullfrogs
  A human skeleton (Vaults:4)
  A gnoll sergeant (D:5)
  2 earth elementals (D:14)
  A glowing shapeshifter simulacrum (Depths:4)
  A scorpion (shapeshifter) (Depths:2)
  4 scorpions
  9 killer bees
  3 wights (D:9)
  2 bullfrog zombies
  3 electric eels
  10 crimson imps
  6 howler monkeys
  A human simulacrum (Vaults:4)
  3 quasits
  7 jellies
  13 orc priests
  5 hounds
  23 orc wizards
  An iron imp (Depths:3)
  An iguana (D:9)
  5 worker ants
  8 gnolls
  A worker ant zombie (D:5)
  15 adders
  4 shadow imps
  A white imp (Depths:3)
  An ufetubus (Depths:3)
  9 oozes
  2 adder skeletons
  An adder zombie (D:9)
  5 worms
  5 dart slugs (D:1)
  7 leopard geckos
  78 orcs
  5 ball pythons
  10 giant cockroaches
  11 goblins
  6 hobgoblins
  21 jackals
  25 kobolds
  4 quokkas
  13 bats
  8 frilled lizards
  A jackal skeleton (D:5)
  A leopard gecko skeleton (D:5)
  A leopard gecko zombie (D:5)
  A quokka skeleton (D:4)
  A quokka zombie (D:9)
  8 rats
  4 fungi
  A plant (Lair:3)
1859 creatures vanquished.

Vanquished Creatures (collateral kills)
  A hydra (Lair:4)
  A komodo dragon (Lair:4)
2 creatures vanquished.

Vanquished Creatures (others)
  A lich (Depths:1)
  A fire giant (Vaults:4)
  A yaktaur captain (Depths:3)
  A hydra (Swamp:4)
  A deep troll (Vaults:1)
  A swamp dragon (Swamp:4)
  An ugly thing (Depths:2)
  A necromancer (Depths:3)
  A black mamba (Snake:1)
  A yaktaur (Depths:3)
  A bog body (Swamp:4)
  2 water elementals (Depths:1)
  A human (Swamp:3)
  6 swamp drakes (Swamp:4)
  An ogre (Vaults:3)
  A centaur (D:14)
  2 briar patches (Swamp:3)
  22 fungi
  11 plants
57 creatures vanquished.

Grand Total: 1918 creatures vanquished

Notes
Turn   | Place    | Note
-------+----------+-------------------------------------------
     0 | D:1      | kz99zk the Demonspawn Fighter began the quest for the Orb.
     0 | D:1      | Reached XP level 1. HP: 18/18 MP: 1/1
   139 | D:1      | Gained mutation: You have a pair of small antennae on your
                  | head. [demonic ancestry]
   139 | D:1      | Reached XP level 2. HP: 23/24 MP: 2/2
   565 | D:1      | Gained mutation: You regenerate a little health from kills.
                  | [demonic ancestry]
   565 | D:1      | Reached XP level 3. HP: 29/29 MP: 3/3
  1205 | D:2      | Reached XP level 4. HP: 30/35 MP: 4/4
  2205 | D:3      | Reached skill level 1 in Dodging
  2213 | D:3      | Gained mutation: You regenerate health from kills. [demonic
                  | ancestry]
  2213 | D:3      | Reached XP level 5. HP: 41/41 MP: 5/5
  2769 | D:4      | Found a staircase to the Ecumenical Temple.
  2778 | Temple   | Entered the Ecumenical Temple
  2813 | Temple   | Became a worshipper of Qazlal Stormbringer
  3147 | D:4      | Found a shimmering blue altar of Sif Muna.
  3225 | D:4      | You fall into a shaft and drop 3 floors!
  3240 | D:7      | Noticed an ice beast
  3273 | D:6      | Reached skill level 1 in Invocations
  3285 | D:6      | Noticed an ogre
  3312 | D:5      | Entered Level 5 of the Dungeon
  3319 | D:5      | Gained mutation: You are surrounded by a mild repulsion
                  | field. (EV +2) [demonic ancestry]
  3319 | D:5      | Reached XP level 6. HP: 47/48 MP: 4/7
  3381 | D:5      | Reached skill level 2 in Invocations
  3559 | D:5      | Found an ornate altar of the Wu Jian Council.
  3594 | D:5      | Gained mutation: You are immune to rotting. [demonic
                  | ancestry]
  3594 | D:5      | Reached XP level 7. HP: 38/54 MP: 4/8
  3923 | D:5      | Reached * piety under Qazlal
  3948 | D:5      | Reached skill level 3 in Invocations
  4150 | D:5      | Found a shattered altar of Ashenzari.
  4670 | D:6      | Reached skill level 5 in Axes
  4670 | D:6      | Gained mutation: You have a pair of antennae on your head.
                  | [demonic ancestry]
  4670 | D:6      | Reached XP level 8. HP: 57/61 MP: 8/10
  5020 | D:7      | Reached skill level 4 in Invocations
  5068 | D:7      | Noticed a hippogriff
  5079 | D:7      | Killed a hippogriff
  5079 | D:7      | Reached skill level 5 in Fighting
  5373 | D:7      | Reached skill level 5 in Shields
  5610 | D:7      | Reached ** piety under Qazlal
  5615 | D:7      | Reached skill level 5 in Invocations
  5642 | D:7      | Reached XP level 9. HP: 27/68 MP: 7/12
  5801 | D:7      | Found a sparkling altar of Nemelex Xobeh.
  5971 | D:7      | Found a hazy altar of Hepliaklqana.
  6120 | D:8      | Reached skill level 5 in Armour
  6470 | D:8      | Found a hide-covered altar of Uskayaw.
  6654 | D:8      | Found a staircase to the Lair.
  6970 | D:9      | Noticed Harold
  6993 | D:9      | Reached skill level 6 in Invocations
  7279 | D:9      | Noticed a two-headed ogre
  7286 | D:9      | Killed a two-headed ogre
  7286 | D:9      | Reached XP level 10. HP: 63/76 MP: 4/15
  7484 | D:9      | Reached skill level 7 in Invocations
  7493 | D:9      | Reached *** piety under Qazlal
  7509 | D:9      | Found a radiant altar of Vehumet.
  7660 | D:9      | Killed Harold
  7660 | D:9      | Reached skill level 5 in Dodging
  7820 | D:9      | Found a staircase to the Orcish Mines.
  7959 | D:10     | Entered Level 10 of the Dungeon
  8316 | D:10     | Noticed Maurice
  8345 | D:10     | Reached skill level 8 in Invocations
  8351 | D:10     | Gained mutation: You are surrounded by a moderate repulsion
                  | field. (EV +3) [demonic ancestry]
  8351 | D:10     | Reached XP level 11. HP: 84/84 MP: 6/17
  8367 | D:10     | Killed Maurice
  9027 | D:11     | Noticed Nergalle
  9031 | D:11     | Killed Nergalle
  9674 | D:11     | Noticed a five-headed hydra
  9979 | D:10     | Killed an eight-headed hydra
  9979 | D:10     | Reached skill level 9 in Invocations
 10769 | Lair:1   | Entered Level 1 of the Lair of Beasts
 11721 | Lair:2   | Found a gate leading to a gauntlet.
 11747 | Gauntlet | Entered a Gauntlet
 11747 | Gauntlet | Found a transporter.
 11747 | Gauntlet | Found a transporter.
 11747 | Gauntlet | Found the +8 arc blade {discharge, rElec}
 11747 | Gauntlet | Noticed a red ugly thing
 11748 | Gauntlet | Noticed a white ugly thing
 11752 | Gauntlet | Found a transporter.
 11765 | Gauntlet | Found a transporter.
 11771 | Gauntlet | Found a transporter.
 11783 | Gauntlet | Noticed a shining eye
 11783 | Gauntlet | a manticore changed into a shining eye
 11786 | Gauntlet | Found a transporter.
 11791 | Gauntlet | Found a transporter.
 11810 | Gauntlet | Found a transporter.
 11814 | Gauntlet | Found a transporter.
 11816 | Gauntlet | Noticed a glowing orange brain
 11851 | Gauntlet | Found a transporter.
 11862 | Gauntlet | Found a transporter.
 11883 | Gauntlet | Noticed a tengu warrior
 11887 | Gauntlet | Found a transporter.
 11945 | Gauntlet | Noticed a glowing orange brain
 11961 | Gauntlet | a glowing orange brain changed into a manticore
 12039 | Gauntlet | Noticed a deep troll
 12039 | Gauntlet | a slime creature changed into a deep troll
 12098 | Gauntlet | a deep troll changed into a cyclops
 12101 | Gauntlet | Noticed a shining eye
 12101 | Gauntlet | a cyclops changed into a shining eye
 12113 | Gauntlet | Killed a white ugly thing
 12113 | Gauntlet | Reached skill level 10 in Axes
 12113 | Gauntlet | Gained mutation: You regenerate a lot of health from kills.
                  | [demonic ancestry]
 12113 | Gauntlet | Reached XP level 12. HP: 58/92 MP: 13/19
 12140 | Gauntlet | Got a fine glass ring
 12144 | Gauntlet | Identified the ring of Xom's Favour {-Tele rElec rC+ rN+
                  | MP+9 Dex+4} (You found it in a Gauntlet)
 12447 | Gauntlet | Noticed a minotaur
 12462 | Gauntlet | Killed a minotaur
 13262 | Lair:2   | Reached skill level 10 in Invocations
 13267 | Lair:2   | Noticed a death yak
 13269 | Lair:2   | Noticed a death yak
 13272 | Lair:2   | Noticed a death yak
 13272 | Lair:2   | Noticed a death yak
 13302 | Lair:2   | Killed a death yak
 13311 | Lair:2   | Killed a death yak
 13327 | Lair:2   | Killed a death yak
 13338 | Lair:2   | Killed a death yak
 14156 | Lair:3   | Reached XP level 13. HP: 81/101 MP: 21/21
 14323 | Lair:3   | Found a staircase to the Snake Pit.
 14406 | Lair:3   | Found a staircase to the Swamp.
 14810 | Lair:4   | Reached skill level 11 in Invocations
 15247 | Lair:4   | Reached **** piety under Qazlal
 15338 | Lair:4   | Found the +8 whip "Snakebite" {curare, rPois}
 16140 | Lair:5   | Identified the +6 morningstar "Jellyslayer" {flame, rPois}
                  | (You found it on level 5 of the Lair of Beasts)
 16461 | Lair:6   | Entered Level 6 of the Lair of Beasts
 16540 | Lair:6   | Reached skill level 1 in Maces & Flails
 16723 | Lair:6   | Reached ***** piety under Qazlal
 16753 | Lair:6   | Reached skill level 10 in Fighting
 16764 | Lair:6   | Found a staircase to the Slime Pits.
 17049 | Lair:6   | Found a sacrificial altar of Ru.
 17192 | Lair:6   | Reached XP level 14. HP: 110/110 MP: 22/22
 17247 | Lair:6   | Reached skill level 12 in Invocations
 17976 | D:12     | Noticed Urug
 17999 | D:12     | Killed Urug
 18546 | Orc:1    | Entered Level 1 of the Orcish Mines
 18745 | Orc:2    | Entered Level 2 of the Orcish Mines
 18746 | Orc:2    | Noticed an orc warlord
 18748 | Orc:2    | Reached skill level 5 in Maces & Flails
 18910 | Orc:1    | Killed an orc warlord
 19201 | Orc:2    | Found a staircase to the Elven Halls.
 19292 | Orc:2    | Found a runed translucent gate.
 19292 | Orc:2    | Found a runed translucent gate.
 19292 | Orc:2    | Found a runed translucent gate.
 19292 | Orc:2    | Noticed LobsterGuardian's ghost (journeyman DrCj)
 19292 | Orc:2    | Noticed rhoddlet's ghost (journeyman MiBe)
 19461 | Orc:2    | Found Ufajil's Antique Armour Shop.
 19461 | Orc:2    | Found Jair's Assorted Antiques.
 19479 | Orc:2    | Found Peby's Gadget Shop.
 19479 | Orc:2    | Found Otaateishru's Jewellery Emporium.
 19490 | Orc:2    | Bought a transparent chain mail for 218 gold pieces
 19500 | Orc:2    | Identified the +1 chain mail "Xoix Wulus" {rPois rF- MP+9}
                  | (You bought it in a shop on level 2 of the Orcish Mines)
 20011 | D:13     | Found a transporter.
 20074 | D:13     | Reached skill level 10 in Armour
 20733 | D:14     | Reached skill level 10 in Shields
 20868 | D:14     | Noticed Jorgrun
 20881 | D:14     | Killed Jorgrun
 20881 | D:14     | Reached XP level 15. HP: 33/117 MP: 9/24
 21185 | D:14     | Reached skill level 13 in Invocations
 21329 | D:14     | Found Neqy's Pet Rocks.
 21476 | D:14     | Found a gate to the Vaults.
 21525 | D:14     | Found a shadowy altar of Dithmenos.
 21622 | D:15     | Entered Level 15 of the Dungeon
 21693 | D:15     | Found a runed translucent door.
 21730 | D:15     | Reached ****** piety under Qazlal
 21730 | D:15     | Noticed a fire giant
 21741 | D:15     | Killed a fire giant
 21782 | D:15     | Found a runed translucent door.
 21816 | D:15     | Found a runed translucent door.
 21827 | D:15     | Found a runed translucent door.
 21902 | D:15     | Got a shimmering chain mail
 21913 | D:15     | Identified the +2 chain mail of the Sparrow {rN+ Dex+6}
                  | (You found it on level 15 of the Dungeon)
 22117 | D:15     | Found a staircase to the Depths.
 22513 | Swamp:1  | Entered Level 1 of the Swamp
 22786 | Swamp:1  | Reached skill level 10 in Dodging
 23438 | Swamp:2  | Noticed a thorn hunter
 23449 | Swamp:2  | Killed a thorn hunter
 23661 | Swamp:2  | Noticed Frances
 23672 | Swamp:2  | Killed Frances
 23793 | Swamp:2  | Noticed Louise
 23804 | Swamp:2  | Killed Louise
 24237 | Swamp:3  | Reached XP level 16. HP: 126/126 MP: 26/26
 24254 | Swamp:3  | Noticed a thorn hunter
 24258 | Swamp:3  | Noticed a thorn hunter
 24261 | Swamp:3  | Noticed a thorn hunter
 24270 | Swamp:3  | Killed a thorn hunter
 24279 | Swamp:3  | Killed a thorn hunter
 24283 | Swamp:3  | Killed a thorn hunter
 24283 | Swamp:3  | Reached skill level 14 in Invocations
 24562 | Swamp:3  | Noticed Kirke
 24588 | Swamp:3  | Noticed a sphinx
 24589 | Swamp:3  | Killed Kirke
 24625 | Swamp:3  | Noticed a thorn hunter
 24643 | Swamp:3  | Killed a thorn hunter
 24712 | Swamp:3  | Noticed a thorn hunter
 24740 | Swamp:3  | Killed a thorn hunter
 24836 | Swamp:3  | Noticed a thorn hunter
 24845 | Swamp:3  | Killed a thorn hunter
 25392 | Swamp:4  | Entered Level 4 of the Swamp
 25426 | Swamp:3  | Paralysed by a hornet for 3 turns
 25503 | Swamp:4  | Noticed Mara
 25650 | Swamp:4  | Noticed kz99zk's illusion
 25652 | Swamp:4  | Killed Mara
 25652 | Swamp:4  | Reached skill level 10 in Maces & Flails
 25894 | Swamp:4  | Noticed a thorn hunter
 25904 | Swamp:4  | Killed a thorn hunter
 26444 | Swamp:4  | Got a decaying rune of Zot
 26577 | Swamp:4  | Found a large runed translucent door.
 26577 | Swamp:4  | Found a large runed translucent door.
 26581 | Swamp:4  | Noticed Lightli's ghost (adept GrIE)
 26781 | Snake:1  | Entered Level 1 of the Snake Pit
 26789 | Snake:1  | Noticed Azrael
 26796 | Snake:1  | Gained mutation: You have a pair of large antennae on your
                  | head. (SInv) [demonic ancestry]
 26796 | Snake:1  | Reached XP level 17. HP: 126/134 MP: 28/28
 26806 | Snake:1  | Noticed Aizul
 26825 | Lair:3   | Killed Azrael
 27361 | Lair:3   | Killed Aizul
 27512 | Snake:1  | Reached skill level 15 in Invocations
 27825 | Snake:1  | Identified the +8 war axe "Unyzxevy" {vorpal, Str+6} (You
                  | found it on level 1 of the Snake Pit)
 28116 | Snake:1  | Noticed Roxanne
 28127 | Snake:1  | Killed Roxanne
 28740 | Snake:2  | Noticed Saint Roka
 28771 | Snake:1  | Killed Saint Roka
 28781 | Snake:1  | Reached XP level 18. HP: 141/141 MP: 18/29
 28942 | Snake:2  | Noticed Rarch's ghost (adept DEWz)
 28952 | Snake:2  | Found a transporter.
 28960 | Snake:2  | Found a transporter.
 29255 | Snake:2  | Found a runed translucent gate.
 29255 | Snake:2  | Found a runed translucent gate.
 29255 | Snake:2  | Found a runed translucent gate.
 29661 | Snake:2  | Noticed Vashnia
 29676 | Snake:2  | Killed Vashnia
 29723 | Snake:2  | Noticed Asterion
 29737 | Snake:2  | Killed Asterion
 30605 | Orc:2    | Bought a manual of Maces & Flails for 2539 gold pieces
 30605 | Orc:2    | Bought a potion of mutation for 184 gold pieces
 31634 | Snake:4  | Entered Level 4 of the Snake Pit
 31654 | Snake:4  | Gained mutation: You are surrounded by a strong repulsion
                  | field. (EV +4, RMsl) [demonic ancestry]
 31654 | Snake:4  | Reached XP level 19. HP: 149/149 MP: 30/30
 31740 | Snake:4  | Found Umiaw's Distillery.
 31745 | Snake:4  | Bought a potion of might for 52 gold pieces
 31745 | Snake:4  | Bought a potion of heal wounds for 65 gold pieces
 31764 | Snake:4  | Found Riubreff's Weapon Emporium.
 32058 | Snake:4  | Found Ciejot's Magic Scroll Boutique.
 32125 | Snake:4  | Found Quyrghied's Book Shoppe.
 32175 | Snake:4  | Reached skill level 16 in Invocations
 32780 | Snake:4  | Got a serpentine rune of Zot
 33278 | Vaults:1 | Entered Level 1 of the Vaults
 33337 | Vaults:1 | Gained mutation: Potions are less effective at restoring
                  | your health. [a neqoxec]
 33595 | Vaults:1 | Gained mutation: You may emit foul miasma when damaged in
                  | melee. [demonic ancestry]
 33595 | Vaults:1 | Reached XP level 20. HP: 157/158 MP: 32/32
 34030 | Vaults:1 | Reached skill level 17 in Invocations
 34290 | Vaults:1 | Found Kuithuid's Gadget Boutique.
 35595 | Vaults:2 | Gained mutation: Your magical and physical power is
                  | slightly enhanced at high health. [demonic ancestry]
 35595 | Vaults:2 | Reached XP level 21. HP: 147/166 MP: 33/33
 35615 | Vaults:2 | Found a staircase to the Crypt.
 35615 | Vaults:2 | Found a basalt altar of Yredelemnul.
 35623 | Vaults:2 | Found an ancient bone altar of Kikubaaqudgha.
 35741 | Vaults:2 | Identified the +3 scale mail of the Endless Realms {Regen+}
                  | (You found it on level 2 of the Vaults)
 35793 | Vaults:2 | Found Yvefyet's General Store.
 35801 | Vaults:2 | Bought a potion of curing for 60 gold pieces
 35801 | Vaults:2 | Bought a potion of heal wounds for 100 gold pieces
 35932 | Vaults:2 | Found a radiant altar of Vehumet.
 36535 | Vaults:3 | Reached skill level 15 in Axes
 36544 | Vaults:3 | Reached skill level 18 in Invocations
 36970 | Vaults:3 | Reached skill level 15 in Fighting
 37066 | Vaults:3 | You fall into a shaft and drop 1 floor!
 37221 | Vaults:3 | Found Iroxol's Assorted Antiques.
 37240 | Vaults:3 | Bought a scroll of fog for 68 gold pieces
 37838 | Vaults:4 | Noticed Xtahua
 37846 | Vaults:4 | Killed Xtahua
 37932 | Vaults:4 | HP: 5/168 [vault warden/+0 long sword of holy wrath (25)]
 38195 | Vaults:4 | HP: 3/169 [fire giant/fireball (14)]
 38196 | Vaults:4 | Reached XP level 22. HP: 20/176 MP: 0/35
 38826 | Vaults:4 | Identified the cursed +2 arbalest of Qijaylusm {freeze,
                  | rC+}
 39622 | Orc:2    | Bought an uncursed ring of protection from fire for 300
                  | gold pieces
 40216 | Depths:1 | Entered Level 1 of the Depths
 40216 | Depths:1 | Found Miziss's Gadget Shoppe.
 40375 | Depths:1 | Found Doprof's Book Shoppe.
 40376 | Depths:1 | Found Loxzer's Antique Weapon Emporium.
 40376 | Depths:1 | Found Iwuofaim's Armour Shoppe.
 40381 | Depths:1 | Found Looq's Antique Armour Emporium.
 40596 | Depths:1 | Identified the +11 scimitar "Coysuen" {distort, +Inv rC+++
                  | Str+5}
 40713 | Depths:1 | Found a gateway to Hell.
 41197 | Depths:2 | Noticed a golden dragon
 41199 | Depths:2 | Killed a golden dragon
 41199 | Depths:2 | Noticed a juggernaut
 41491 | Depths:2 | Noticed the Enchantress
 41502 | Depths:1 | Killed a juggernaut
 42059 | Depths:2 | Reached skill level 19 in Invocations
 42093 | Depths:2 | Killed the Enchantress
 42102 | Depths:2 | Gained mutation: You frequently emit foul miasma when
                  | damaged in melee. [demonic ancestry]
 42102 | Depths:2 | Reached XP level 23. HP: 173/185 MP: 8/36
 42439 | Depths:2 | Identified the +7 chain mail of Impermeability {Regen+
                  | Int+4} (You found it on level 2 of the Depths)
 43301 | Depths:3 | Reached skill level 15 in Shields
 43310 | Depths:3 | Paralysed by a vampire knight for 5 turns
 43868 | Depths:3 | Reached skill level 15 in Armour
 43922 | Depths:3 | Found a one-way gate to the infinite horrors of the Abyss.
 44018 | Depths:3 | Paralysed by a great orb of eyes for 3 turns
 44056 | Depths:3 | Identified the ring of Parrylis {+Blink +Fly rPois rC+
                  | Slay+2} (You found it on level 3 of the Depths)
 44319 | Depths:3 | Found a one-way gate leading to the halls of Pandemonium.
 44338 | Depths:3 | Reached XP level 24. HP: 179/197 MP: 34/36
 44772 | Depths:3 | Reached skill level 20 in Invocations
 44994 | Depths:4 | Reached skill level 15 in Dodging
 45231 | Depths:4 | HP: 7/199 [caustic shrike (20)]
 45231 | Depths:4 | Splashed by a caustic shrike's acid

Levels and vault maps discovered:
D:1:      giann_horns, layout_loops_corners, minmay_cut_off
D:2:      layout_loops_cross, minivault_14
D:3:      layout_basic, patterned_corridor
D:4:      layout_loops_corners, lightli_temple_of_fire,
          minmay_temple_entry_gardened_gates, led_sif_book, uniq_pikel
D:5:      layout_basic, cheibrodos_ashenzari_chains, overflow_temple_1_default,
          first_ration
D:6:      layout_basic
D:7:      layout_rooms, nicolae_overflow_crystal_walls, nemelex_altar_shiori,
          glass_columns_a
D:8:      layout_gridville, eat_drink_and_be_merry_uskayaw, lair_entry_dummy
D:9:      layout_long_grid, vehumet_altar_wand_db, orc_0_dummy,
          kennysheep_flooded_box, uniq_harold
D:10:     layout_rooms, uniq_maurice
D:11:     layout_cave_pods, uniq_nergalle
D:12:     layout_long_grid, uniq_urug
D:13:     emtedronai_trogs_sanctum, layout_loops_ring,
          hangedman_little_slice_of_home, chequers_serial_rivers_large_a
D:14:     layout_basic, david_vaults_1, grunt_dithmenos_shadows,
          guppyfry_shop_earth, uniq_jorgrun
D:15:     grunt_enter_depths_giant_problem, layout_cross, grunt_decor_fettered,
          minmay_statue_crystal_thing
Temple:   eino_temple_lava
Lair:1:   layout_loops_ring, serial_bayou_shore_a, grunt_megastairs_3
Lair:2:   layout_long_grid, gauntlet_entry_generic, minmay_stone_trees_small,
          grunt_megastairs_2
Lair:3:   layout_small_grid, nicolae_swamp_entry_splash_gauntlet,
          guppyfry_snake_entry_island, minmay_lair_oklob_chamber
Lair:4:   minmay_guarded_unrand_snakebite, layout_gridlike
Lair:5:   layout_hall_layers, lemuel_fruit_tree
Lair:6:   evilmike_catoblepas_cave, layout_regular_city, slime_dummy,
          basic_altar
Swamp:1:  layout_falls_marsh, evilmike_swamp_ruin_rubble_2
Swamp:2:  layout_basic_swamp, evilmike_swamp_ruin_house_6, swamp_pool3,
          infiniplex_staircase_pool, uniq_louise, uniq_frances
Swamp:3:  nicolae_swamp_phyte_club, layout_basic_swamp,
          evilmike_swamp_ruin_house_1, swamp_pool1, nicolae_swamp_fairy_circle,
          uniq_kirke
Swamp:4:  swamp_fiery, layout_basic_swamp, ebering_ghost_disaster_area,
          swamp_pool3, uniq_mara
Snake:1:  layout_chambers, uniq_roxanne, uniq_aizul, uniq_azrael
Snake:2:  nicolae_snake_nest, layout_layer_cave, gammafunk_ghost_arena,
          nicolae_snake_horde_hoard, uniq_vashnia, uniq_asterion,
          uniq_saint_roka
Snake:3:  layout_onion, nicolae_snake_squiggles, drop_trap, serial_bayou_shore_b
Snake:4:  snake_pit_salamanders_mu, layout_misc_corridors, serial_shops,
          nicolae_shop_trees, shop, nicolae_shop_behind_doors, shop,
          hangedman_corner_corridor
Orc:1:    layout_caves
Orc:2:    grunt_orc_tribal_feast, layout_caves, gammafunk_ghost_cemetery
Vaults:1: v_misc_32, st_more_cells, ontoclasm_vaults_ring_large,
          hangedman_vaults_stagger, v_misc_2, v_alt_pattern_5,
          vaults_mumra_minichess_inversion, v_misc_2, vaults_room_door_ring,
          nicolae_vaults_little_ls, layout_vaults_omnicross, serial_shops, shop
Vaults:2: hangedman_vaults_maws, grunt_tower_of_power, hangedman_vaults_cutoff,
          ontoclasm_vaults_ring_small, minmay_crypt_entry_necro_gods,
          nicolae_vaults_circle_grid_b, layout_vaults_omnigrid, serial_shops,
          shop
Vaults:3: nicolae_vaults_what_the_h, v_misc_11, nicolae_vaults_puzzle_piece,
          ontoclasm_vaults_tryst, st_eye, nicolae_vaults_inception_corners,
          nicolae_vaults_network_quinsquares
          [nicolae_vaults_network_quincunx_subvault,
          nicolae_vaults_network_quincunx_subvault,
          nicolae_vaults_network_quincunx_subvault,
          nicolae_vaults_network_quincunx_subvault], vaults_room_fours,
          v_misc_14, v_misc_13, nicolae_vaults_little_squares_4,
          ontoclasm_vaults_ring_large, layout_vaults_omnibox, serial_shops,
          nicolae_shop_window_shopping
Vaults:4: vaults_room_large_hall, vaults_room_stairs_pillars,
          hangedman_vaults_impose, dpeg_vaults_waves, v_rooms_4,
          ontoclasm_vaults_pinch, nicolae_vaults_network_square,
          vaults_standard_mumra_x, v_alt_pattern_6, vaults_mumra_chevron,
          v_pattern_4, nicolae_vaults_little_squares_2,
          nicolae_vaults_yaktaur_gun_rack, vaults_dpeg_ring, vaults_room_pool,
          layout_vaults_maze_bifur, uniq_xtahua
Depths:1: layout_forbidden_donut, kennysheep_cross_room, serial_shops, shop,
          pf_coc_iceberg, minmay_misc_feat_roman,
          chequers_serial_rivers_small_3, lemuel_freeze_loot_1,
          minmay_shoptagon, serial_bayou_shore_b
Depths:2: minmay_the_grid_square_5x5_5x5 [minmay_the_grid_square_5x5_shuriken,
          minmay_the_grid_square_5x5_six, minmay_the_grid_square_5x5_longway,
          minmay_the_grid_square_5x5_spiral_small,
          minmay_the_grid_square_5x5_two,
          minmay_the_grid_square_5x5_checkered_sparse,
          minmay_the_grid_square_5x5_prize_open,
          minmay_the_grid_square_5x5_bite,
          minmay_the_grid_square_5x5_prize_pseudospiral,
          minmay_the_grid_square_5x5_two_small,
          minmay_the_grid_square_5x5_tri_point,
          minmay_the_grid_square_5x5_eight,
          minmay_the_grid_square_5x5_prize_open,
          minmay_the_grid_square_5x5_slash, minmay_the_grid_square_5x5_meh,
          minmay_the_grid_square_5x5_inner_i,
          minmay_the_grid_square_5x5_prize_snowflake,
          minmay_the_grid_square_5x5_plus,
          minmay_the_grid_square_5x5_prize_gold,
          minmay_the_grid_square_5x5_empty,
          minmay_the_grid_square_5x5_three_small,
          minmay_the_grid_square_5x5_beaten_path,
          minmay_the_grid_square_5x5_fat_x,
          minmay_the_grid_square_5x5_pentomino_r,
          minmay_the_grid_square_5x5_hollow_slash], layout_twisted_cross,
          pf_dread_powers_of_hell, small_statue_intersection,
          infiniplex_staircase_pillars_2, uniq_enchantress
Depths:3: hangedman_cross_cluster, layout_cave_pools, grunt_decor_mini_mirrors,
          grunt_hell_entry_dis_mu, grunt_pan_entry_spiral, abyss_entry_crystal
Depths:4: cheibrodos_spurs, layout_cave_shapes, enter_ziggurat_b, hell_entry,
          minmay_crystal_room, nicolae_abyss_entry_one_way_or_another,
          minivault_12

Skill      XL: |  1  2  3  4  5  6  7  8  9 10 11 12 13 14 15 16 17 18 19 20 21 22 23 24 |
---------------+-------------------------------------------------------------------------+-----
Axes           | 2 3 4 5 6 7 8 10 11 12 13 14 15 16 17 | 17.1
Armour         | 3 4 5 6 7 8 9 10 11 12 13 14 15 | 15.4
Shields        | 3 4 5 6 7 8 9 10 11 12 13 14 15 | 15.4
Dodging        | 1 2 3 4 5 6 7 8 9 10 11 12 13 14 15 | 15.1
Invocations    | 1 2 3 5 6 8 9 10 11 12 13 14 15 16 17 18 19 20 | 20.3
Fighting       | 4 5 6 7 8 9 10 11 12 13 14 15 16 17 18 | 18.3
Maces & Flails | 3 6 8 10 13 14 | 14.5
Stealth        | |  0.1

Action                   |  1- 3 |  4- 6 |  7- 9 | 10-12 | 13-15 | 16-18 | 19-21 | 22-24 || total
-------------------------+-------+-------+-------+-------+-------+-------+-------+-------++-------
Melee: War axe           |   127 |   276 |   412 |   838 |   185 |   114 |   252 |    48 ||  2252
       Morningstar       |       |       |       |       |  1090 |   878 |   356 |       ||  2324
       Whip              |       |       |       |       |    72 |       |       |       ||    72
       Eveningstar       |       |       |       |       |       |    86 |   434 |       ||   520
       Battleaxe         |       |       |       |       |       |       |   578 |   803 ||  1381
Invok: Upheaval          |       |       |     2 |    15 |     5 |    24 |     6 |     4 ||    56
       Elemental Force   |       |       |       |     1 |     1 |     1 |       |       ||     3
       Disaster Area     |       |       |       |       |     2 |     4 |     3 |    10 ||    19
Evoke: Wand              |       |     3 |       |     6 |     3 |     1 |     1 |       ||    14
  Use: Scroll            |       |     4 |    13 |     3 |    11 |    15 |     7 |     3 ||    56
       Potion            |       |       |     1 |     4 |       |     3 |    14 |     6 ||    28
 Stab: Petrified         |       |       |       |       |     8 |       |       |       ||     8
       Distracted        |       |       |       |       |       |       |     1 |       ||     1
  Eat: Chunk             |     1 |     8 |    10 |    14 |    29 |    13 |    18 |    17 ||   110
       Ration            |       |       |     1 |     4 |     2 |     3 |     2 |     2 ||    14
Armor: Scale mail        |    71 |   163 |   131 |       |       |       |       |       ||   365
       Chain mail        |       |       |    33 |   362 |   265 |   192 |   257 |   238 ||  1347
       Plate armour      |       |       |       |       |    25 |       |       |       ||    25
Dodge: Dodged            |    50 |   110 |   126 |   276 |   705 |   438 |   936 |   797 ||  3438
       Deflected         |       |       |       |       |    27 |    24 |    83 |    38 ||   172
Block: Shield            |    71 |   177 |    37 |       |       |       |       |       ||   285
       Large shield      |       |       |   350 |   988 |  1892 |  1303 |  1402 |    57 ||  5992
       Other             |       |       |       |       |       |       |   166 |   255 ||   421

Table legend:
 A = Non-vault XP
 B = Vault XP
 C = Vault XP percentage of total XP
 D = Non-vault monster count
 E = Vault monster count
 F = Vault count percentage of total count
                 A         B        C        D         E       F
            +---------+---------+-------+---------+---------+-------
      Total |  533500 |  444357 |  45.4 |    1308 |     555 |  29.8
            +---------+---------+-------+---------+---------+-------
        D:1 |      57 |       7 |  10.9 |      27 |       3 |  10.0
        D:2 |      76 |       0 |   0.0 |      28 |       0 |   0.0
        D:3 |      79 |       0 |   0.0 |      39 |       0 |   0.0
        D:4 |      25 |      80 |  76.2 |       9 |       2 |  18.2
        D:5 |     930 |       0 |   0.0 |      29 |       0 |   0.0
        D:6 |     335 |       0 |   0.0 |       6 |       0 |   0.0
        D:7 |    1316 |       0 |   0.0 |      26 |       0 |   0.0
        D:8 |     924 |       0 |   0.0 |      19 |       0 |   0.0
        D:9 |    3624 |     920 |  20.2 |      39 |       2 |   4.9
       D:10 |    4574 |     480 |   9.5 |      26 |       1 |   3.7
       D:11 |    4196 |     816 |  16.3 |      35 |       1 |   2.8
       D:12 |    4834 |     831 |  14.7 |      30 |       1 |   3.2
       D:13 |    5408 |    1437 |  21.0 |      28 |      11 |  28.2
       D:14 |   10068 |    5724 |  36.2 |      31 |       7 |  18.4
       D:15 |    8934 |    2393 |  21.1 |      30 |       2 |   6.2
     Lair:1 |    1431 |      88 |   5.8 |       9 |       1 |  10.0
     Lair:2 |    6646 |    1919 |  22.4 |      25 |       8 |  24.2
     Lair:3 |    7889 |    4022 |  33.8 |      25 |       9 |  26.5
     Lair:4 |    5165 |    2163 |  29.5 |      21 |      16 |  43.2
     Lair:5 |    6283 |       0 |   0.0 |      18 |       0 |   0.0
     Lair:6 |    7372 |   12250 |  62.4 |      31 |      23 |  42.6
    Swamp:1 |    9195 |       0 |   0.0 |      19 |       0 |   0.0
    Swamp:2 |   10009 |    3993 |  28.5 |      23 |       2 |   8.0
    Swamp:3 |   15964 |   13157 |  45.2 |      36 |      12 |  25.0
    Swamp:4 |   12694 |   21762 |  63.2 |      38 |      24 |  38.7
    Snake:1 |   12225 |    8027 |  39.6 |      22 |       7 |  24.1
    Snake:2 |   14814 |   22704 |  60.5 |      26 |      36 |  58.1
    Snake:3 |   22250 |       0 |   0.0 |      40 |       0 |   0.0
    Snake:4 |   14231 |   56218 |  79.8 |      27 |      79 |  74.5
      Orc:1 |    3868 |       0 |   0.0 |      13 |       0 |   0.0
      Orc:2 |    2242 |    7396 |  76.7 |      34 |      30 |  46.9
   Vaults:1 |   44541 |   28919 |  39.4 |      78 |      41 |  34.5
   Vaults:2 |   57032 |   16128 |  22.0 |      92 |      18 |  16.4
   Vaults:3 |   34423 |   39543 |  53.5 |      61 |      47 |  43.5
   Vaults:4 |   20320 |   33843 |  62.5 |      45 |      38 |  45.8
   Depths:1 |   41199 |   15518 |  27.4 |      51 |      10 |  16.4
   Depths:2 |   68307 |   65641 |  49.0 |      84 |      53 |  38.7
   Depths:3 |   51024 |   37176 |  42.1 |      61 |      40 |  39.6
   Depths:4 |   18996 |   36579 |  65.8 |      27 |      22 |  44.9
   Gauntlet |       0 |    4623 | 100.0 |       0 |       9 | 100.0
            +---------+---------+-------+---------+---------+-------
